 Dungeon Crawl Stone Soup version 0.24-a0-535-gbb0d440638 (webtiles) character file.

Game seed: 6012918054068843085

56 Napalmbreeze the Skirmisher (level 3, 0/34 HPs)
             Began as a Hill Orc Fighter on Aug 10, 2019.
             Killed by nerve-wracking pain
             ... invoked by an orc priest
              (11 damage)
             ... on level 3 of the Dungeon.
             The game lasted 00:03:33 (1505 turns).

Napalmbreeze the Skirmisher (Hill Orc Fighter)      Turns: 1505, Time: 00:03:34

Health: 0/34       AC:  7    Str: 19    XL:     3   Next: 95%
Magic:  3/3        EV:  7    Int:  8    God:
Gold:   91         SH:  9    Dex: 10    Spells: 2/2 levels left

rFire    . . .     SeeInvis .   a - +0 war axe
rCold    . . .     Gourm    .   c - +0 shield
rNeg     . . .     Faith    .   b - +0 scale mail
rPois    .         Spirit   .   (no helmet)
rElec    .         Reflect  .   h - scarf {cloud immunity}
rCorr    .         Harm     .   (no gloves)
MR       .....                  (no boots)
Stlth    ..........             (no amulet)
HPRegen  0.11/turn              (no ring)
MPRegen  0.08/turn              (no ring)

@: no status effects
A: no striking features
a: Convert to Beogh


You were on level 3 of the Dungeon.
You were not hungry.

You visited 1 branch of the dungeon, and saw 3 of its levels.

You collected 91 gold pieces.

Inventory:

Hand Weapons
 a - a +0 war axe (weapon)
Missiles
 k - 54 poisoned darts (quivered)
Armour
 b - a +0 scale mail (worn)
 c - a +0 shield (worn)
 h - a scarf of cloud immunity (worn)
 o - a +0 large shield
Jewellery
 q - an uncursed ring of magical power {unknown}
Scrolls
 i - 5 scrolls of identify {unknown}
 j - a scroll of teleportation {unknown}
 m - 2 scrolls of magic mapping {unknown}
 n - a scroll of remove curse {unknown}
Potions
 d - 2 potions of might
 e - a potion of berserk rage {unknown}
 g - 3 potions of curing {unknown}
 l - a potion of resistance {unknown}
 p - a potion of heal wounds {unknown}
Comestibles
 f - 6 rations


   Skills:
 * Level 4.5 Fighting
 + Level 3.4 Axes
 + Level 3.7 Armour
 + Level 3.7 Shields


You had 2 spell levels left.
You didn't know any spells.
Your spell library was empty.

Dungeon Overview and Level Annotations

Branches:
Dungeon (3/15)

Altars:
Cheibriados


Message History

You hit the orc.
You kill the orc!
The orc priest calls down the wrath of Beogh upon you.
Beogh smites you!
An orc comes into view. It is wielding a +0 vampiric war axe.
The orc priest shouts, "Beogh is our master!
Accept the truth or die!"
Your shield and scale mail prevent you from hitting the orc priest.
The orc priest is moderately wounded.
You closely miss the orc. The orc priest barely misses you.
The orc hits you but does no damage. The orc priest hits you.
You block the orc's attack.
Unknown command.
You slash the orc priest!
The orc priest is almost dead.
You closely miss the orc.
The orc priest threatens, "By the altar or by the axe, you will meet Beogh!"
The orc hits you with a +0 short sword.
The orc priest mumbles some strange prayers to Beogh against you.
Pain shoots through your body!
You die...

######
#....#
#.##.#
#.##.#
#.#..###
#@#.##.#
#.oo#.<#.#
###o#....##
.o#.....#
#.##....#
#(..##..#
###. .....
#. .#.###
#. . .#


You could see 2 orc priests and 2 orcs.

Vanquished Creatures
  An adder (D:2)
  An ooze (D:2)
  A dart slug (D:2)
  An orc (D:3)
  5 giant cockroaches
  10 goblins
  2 hobgoblins (D:1)
  A bat (D:1)
  4 frilled lizards (D:1)
  4 kobolds
  8 rats (D:1)
38 creatures vanquished.

Notes
Turn   | Place    | Note
-------+----------+-------------------------------------------
     0 | D:1      | Napalmbreeze the Hill Orc Fighter began the quest for the
                  | Orb.
     0 | D:1      | Reached XP level 1. HP: 19/19 MP: 1/1
    11 | D:1      | Found a snail-covered altar of Cheibriados.
   103 | D:1      | Reached XP level 2. HP: 27/27 MP: 2/2
   177 | D:1      | Reached skill level 4 in Fighting
   433 | D:1      | Reached XP level 3. HP: 33/33 MP: 3/3
  1505 | D:3      | Killed from afar by an orc priest

Levels and vault maps discovered:
D:1:      sevenhm_arrival_forest_fort_small_3, layout_basic, minivault_4,
          kennysheep_doodads, grunt_decor_resistance, cheibriados_altar_1
D:2:      layout_basic, serial_rivers, chequers_serial_rivers_small_3,
          chequers_serial_rivers_micro_a, chequers_serial_rivers_small_3,
          chequers_serial_rivers_micro_e
D:3:      layout_basic, minmay_overflow_temple_star_quad, minmay_misc_feat_doors

Skill      XL: |  1  2 |
---------------+-------+-----
Fighting       | 4 |  4.5
Axes           | 3 |  3.4
Armour         | |  3.7
Shields        | |  3.7

Action                   || total
-------------------------++-------
Melee: War axe           ||   117
Throw: Dart              ||     1
  Eat: Chunk             ||     2
Armor: Scale mail        ||    48
Dodge: Dodged            ||    38
Block: Shield            ||    66

Table legend:
 A = Non-vault XP
 B = Vault XP
 C = Vault XP percentage of total XP
 D = Non-vault monster count
 E = Vault monster count
 F = Vault count percentage of total count
                 A         B        C        D         E       F
            +---------+---------+-------+---------+---------+-------
      Total |      80 |       0 |   0.0 |      38 |       0 |   0.0
            +---------+---------+-------+---------+---------+-------
        D:1 |      38 |       0 |   0.0 |      26 |       0 |   0.0
        D:2 |      39 |       0 |   0.0 |      11 |       0 |   0.0
        D:3 |       3 |       0 |   0.0 |       1 |       0 |   0.0
            +---------+---------+-------+---------+---------+-------
